IL
COLUMBUS CLIPPERS @ PAWTUCKET RED SOX
08/16/2044
 
TOP OF THE 1ST
Columbus Clippers batting - Pitching for Pawtucket Red Sox : RHP Edwin Carrasco
Pitching: RHP Edwin Carrasco
Batting: LHB Anthony Mosley 0-0: Ground out 6-3 (Groundball, 4, EV 105.0 MPH)
Batting: RHB Tristan Dennis 0-0: Foul Ball, location: 2F
0-1: Ball
1-1: Foul Ball, location: 2F
1-2: Foul Ball, location: 2F
1-2: Foul Ball, location: 2F
1-2: Ball
2-2: Ground out 6-3 (Groundball, P, EV 95.0 MPH)
Batting: RHB Jason Savage 0-0: Swinging Strike
0-1: Called Strike
0-2: Foul Ball, location: 2F
0-2: Reached on error, E2 (Groundball, 15S, EV 66.9 MPH)
Batting: SHB Mike Gross 0-0: Ball
Jason Savage steals 2nd base
1-0: Foul Ball, location: 2F
1-1: Foul Ball, location: 2F
1-2: Ball
2-2: Ground out 4-3 (Groundball, 4, EV 83.1 MPH)
Top of the 1st over - 0 runs, 0 hits, 1 error, 1 left on base; Columbus 0 - Pawtucket 0
BOTTOM OF THE 1ST
Pawtucket Red Sox batting - Pitching for Columbus Clippers : RHP Drew Rickelman
Pitching: RHP Drew Rickelman
Batting: SHB Ben Ervin 0-0: Swinging Strike
0-1: Ball
1-1: Foul Ball, location: 2F
1-2: Ball
2-2: Strikes out looking
Batting: LHB Mike Mentzer 0-0: Ball
1-0: Ball
2-0: Ground out 4-3 (Groundball, 4, EV 90.0 MPH)
Batting: LHB Shoichi Aso 0-0: Called Strike
0-1: Ground out U3 (Groundball, 3, EV 105.6 MPH)
Bottom of the 1st over - 0 runs, 0 hits, 0 errors, 0 left on base; Columbus 0 - Pawtucket 0
TOP OF THE 2ND
Columbus Clippers batting - Pitching for Pawtucket Red Sox : RHP Edwin Carrasco
Batting: LHB Doug Frampton 0-0: Called Strike
0-1: Swinging Strike
0-2: Ball
1-2: Ball
2-2: Ball
3-2: Foul Ball, location: 2F
3-2: Ground out 4-3 (Groundball, 34, EV 81.3 MPH)
Batting: RHB Chris Folse 0-0: Ball
1-0: Ground out 5-3 (Groundball, 56S, EV 68.1 MPH)
Batting: SHB Danny Simmons 0-0: Called Strike
0-1: Swinging Strike
0-2: Ball
1-2: Ball
2-2: Foul Ball, location: 2F
2-2: Ball
3-2: Foul Ball, location: 2F
3-2: Ground out 1-3 (Groundball, P, EV 60.6 MPH)
Top of the 2nd over - 0 runs, 0 hits, 0 errors, 0 left on base; Columbus 0 - Pawtucket 0
BOTTOM OF THE 2ND
Pawtucket Red Sox batting - Pitching for Columbus Clippers : RHP Drew Rickelman
Batting: RHB Marty King 0-0: Called Strike
0-1: Foul Ball, location: 2F
0-2: Fly out, F9 (Flyball, 9S, EV 90.0 MPH)
Batting: RHB Ernie Genier 0-0: Ground out U3 (Groundball, 3, EV 89.4 MPH)
Batting: RHB Nate Dickinson 0-0: Ball
1-0: Ball
2-0: Called Strike
2-1: SINGLE (Line Drive, 3D, EV 101.9 MPH)
Batting: LHB Noel Wilson 0-0: Ball
1-0: Ball
2-0: Ball
3-0: Called Strike
3-1: Fly out, F3 (Line Drive, 3, EV 63.8 MPH)
Bottom of the 2nd over - 0 runs, 1 hit, 0 errors, 1 left on base; Columbus 0 - Pawtucket 0
TOP OF THE 3RD
Columbus Clippers batting - Pitching for Pawtucket Red Sox : RHP Edwin Carrasco
Batting: LHB Eric Zacher 0-0: Ball
1-0: Ball
2-0: Ground out 5-3 (Groundball, 56S, EV 71.3 MPH)
Batting: RHB Nate Singleton 0-0: Ball
1-0: Ground out 6-3 (Groundball, 6, EV 83.8 MPH)
Batting: LHB Anthony Mosley 0-0: Ball
1-0: Swinging Strike
1-1: Foul Ball, location: 2F
1-2: Strikes out swinging
Top of the 3rd over - 0 runs, 0 hits, 0 errors, 0 left on base; Columbus 0 - Pawtucket 0
BOTTOM OF THE 3RD
Pawtucket Red Sox batting - Pitching for Columbus Clippers : RHP Drew Rickelman
Batting: RHB Mike Quackenbush 0-0: Ball
1-0: Called Strike
1-1: TRIPLE (Flyball, 89XD, EV 88.8 MPH)
Batting: SHB Gus Cruz 0-0: Ball
1-0: Foul Ball, location: 2F
1-1: Ball
2-1: Ball
3-1: Foul Ball, location: 2F
3-2: Fly out, F6 (Popup, 6M, EV 75.0 MPH)
Batting: SHB Ben Ervin 0-0: Ball
1-0: Called Strike
1-1: Ground out 4-3 (Groundball, 4D, EV 106.9 MPH)
Mike Quackenbush scores
Batting: LHB Mike Mentzer 0-0: Ball
1-0: Called Strike
1-1: Ball
2-1: Foul Ball, location: 2F
2-2: Ball
3-2: Ground out 6-3 (Groundball, 4M, EV 101.3 MPH)
Bottom of the 3rd over - 1 run, 1 hit, 0 errors, 0 left on base; Columbus 0 - Pawtucket 1
TOP OF THE 4TH
Columbus Clippers batting - Pitching for Pawtucket Red Sox : RHP Edwin Carrasco
Batting: RHB Tristan Dennis 0-0: DOUBLE (Line Drive, 9LM, EV 98.1 MPH)
Batting: RHB Jason Savage 0-0: Fly out, F7 (Flyball, 7LM, EV 92.5 MPH)
Batting: SHB Mike Gross 0-0: Called Strike
0-1: Fly out, F7 (Flyball, 7LD, EV 93.8 MPH)
Runner from 2nd tags up, SAFE at 3rd, no throw by LF
Batting: LHB Doug Frampton 0-0: Called Strike
0-1: 2-RUN HOME RUN (Flyball, 9LD, EV 94.4 MPH), Distance : 344 ft
Batting: RHB Chris Folse 0-0: Called Strike
0-1: Ball
1-1: Fly out, F8 (Flyball, 8RXD, EV 107.5 MPH)
Top of the 4th over - 2 runs, 2 hits, 0 errors, 0 left on base; Columbus 2 - Pawtucket 1
BOTTOM OF THE 4TH
Pawtucket Red Sox batting - Pitching for Columbus Clippers : RHP Drew Rickelman
Batting: LHB Shoichi Aso 0-0: Ball
1-0: Reached on error, E2 (Groundball, 2L, EV 67.5 MPH)
Batting: RHB Marty King 0-0: Called Strike
0-1: Ball
1-1: Ball
2-1: Fly out, F8 (Flyball, 8RD, EV 91.9 MPH)
Runner from 2nd tags up, SAFE at 3rd with throw by CF
Batting: RHB Ernie Genier 0-0: Called Strike
0-1: Called Strike
0-2: Ball
1-2: Ball
2-2: Ball
3-2: Foul Ball, location: 2F
3-2: Foul Ball, location: 2F
3-2: Foul Ball, location: 2F
3-2: Foul Ball, location: 2F
3-2: Foul Ball, location: 2F
3-2: SINGLE (Line Drive, 56, EV 100.0 MPH)
Shoichi Aso scores
Batting: RHB Nate Dickinson 0-0: Swinging Strike
0-1: Called Strike
0-2: Ball
1-2: Foul Ball, location: 2F
1-2: Fly out, F6 (Popup, 15S, EV 92.5 MPH)
Batting: LHB Noel Wilson 0-0: Ground out 4-3 (Groundball, 4, EV 83.8 MPH)
Bottom of the 4th over - 1 run, 1 hit, 1 error, 1 left on base; Columbus 2 - Pawtucket 2
TOP OF THE 5TH
Columbus Clippers batting - Pitching for Pawtucket Red Sox : RHP Edwin Carrasco
Batting: SHB Danny Simmons 0-0: Ball
1-0: Foul Ball, location: 2F
1-1: Ground out 4-3 (Groundball, 4, EV 103.1 MPH)
Batting: LHB Eric Zacher 0-0: Ball
1-0: Ground out 6-3 (Groundball, 4M, EV 78.8 MPH)
Batting: RHB Nate Singleton 0-0: Called Strike
0-1: Ball
1-1: SINGLE (Flyball, 34D, EV 86.9 MPH)
Batting: LHB Anthony Mosley 0-0: SINGLE (Groundball, 4MS, EV 69.4 MPH) (infield hit)
Nate Singleton to second
Batting: RHB Tristan Dennis 0-0: Called Strike
0-1: Ball
1-1: Called Strike
1-2: Foul Ball, location: 2F
1-2: Ball
2-2: Foul Ball, location: 2F
2-2: Ball
3-2: Fly out, F9 (Flyball, 9LM, EV 91.9 MPH)
Top of the 5th over - 0 runs, 2 hits, 0 errors, 2 left on base; Columbus 2 - Pawtucket 2
BOTTOM OF THE 5TH
Pawtucket Red Sox batting - Pitching for Columbus Clippers : RHP Drew Rickelman
Batting: RHB Mike Quackenbush 0-0: Called Strike
0-1: DOUBLE (Line Drive, 89M, EV 95.6 MPH)
Batting: SHB Gus Cruz 0-0: Ball
1-0: Ball
2-0: Ball
3-0: Called Strike
3-1: Base on Balls
Batting: SHB Ben Ervin 0-0: Foul Ball, location: 2F
0-1: Ball
1-1: Ball
2-1: Foul Ball, location: 2F
2-2: Strikes out looking
Batting: LHB Mike Mentzer 0-0: Ball
1-0: Swinging Strike
1-1: Called Strike
1-2: Foul Ball, location: 2F
1-2: Ball
2-2: Foul Ball, location: 2F
2-2: Foul Ball, location: 2F
2-2: SINGLE (Line Drive, 89M, EV 102.5 MPH)
Mike Quackenbush to third
Gus Cruz to second
Runner from 3rd tries for Home, throw by RF and OUT! 9-2
Batting: LHB Shoichi Aso 0-0: Ball
1-0: Ball
2-0: Called Strike
2-1: Ball
3-1: Fielders Choice at 2nd, 6-4 (Groundball, 6, EV 94.4 MPH)
Bottom of the 5th over - 0 runs, 2 hits, 0 errors, 2 left on base; Columbus 2 - Pawtucket 2
TOP OF THE 6TH
Columbus Clippers batting - Pitching for Pawtucket Red Sox : RHP Edwin Carrasco
Batting: RHB Jason Savage 0-0: Called Strike
0-1: Ground out 5-3 (Groundball, 5S, EV 71.3 MPH)
Batting: SHB Mike Gross 0-0: Ball
1-0: Foul Ball, location: 2F
1-1: Ball
2-1: Swinging Strike
2-2: Reached on error, E4 (Groundball, 4M, EV 82.5 MPH)
Batting: LHB Doug Frampton 0-0: Grounds into double play, 4-6-3 (Groundball, 34D, EV 105.6 MPH)
Top of the 6th over - 0 runs, 0 hits, 1 error, 0 left on base; Columbus 2 - Pawtucket 2
BOTTOM OF THE 6TH
Pawtucket Red Sox batting - Pitching for Columbus Clippers : RHP Drew Rickelman
Batting: RHB Marty King 0-0: Called Strike
0-1: Foul Ball, location: 2F
0-2: Ball
1-2: Ground out 5-3 (Groundball, 15, EV 90.0 MPH)
Batting: RHB Ernie Genier 0-0: Ball
1-0: SINGLE (Groundball, 56D, EV 102.5 MPH)
Pitching: LHP Eric Larsen
Batting: RHB Nate Dickinson 0-0: Ball
1-0: Fielders Choice at 2nd, 4-6 (Groundball, 4M, EV 81.9 MPH)
Batting: LHB Noel Wilson Pickoff Throw to First - Error! E1
Nate Dickinson to second
0-0: Ball
1-0: Ball
2-0: SINGLE (Line Drive, 4MD, EV 97.5 MPH)
Nate Dickinson to third
Batting: RHB Mike Quackenbush 0-0: Ball
1-0: Ball
2-0: Ball
3-0: Base on Balls
Noel Wilson to second
Batting: SHB Gus Cruz 0-0: Foul Ball, location: 2F
0-1: Ball
1-1: Swinging Strike
1-2: Strikes out swinging
Bottom of the 6th over - 0 runs, 2 hits, 1 error, 3 left on base; Columbus 2 - Pawtucket 2
TOP OF THE 7TH
Columbus Clippers batting - Pitching for Pawtucket Red Sox : RHP Edwin Carrasco
Batting: RHB Chris Folse 0-0: Foul Ball, location: 2F
0-1: Foul Ball, location: 2F
0-2: Ball
1-2: Ball
2-2: Foul Ball, location: 2F
2-2: Ball
3-2: Strikes out swinging
Batting: SHB Danny Simmons 0-0: Ball
1-0: Ground out U3 (Groundball, 3, EV 103.8 MPH)
Batting: LHB Eric Zacher 0-0: Called Strike
0-1: Ball
1-1: SINGLE (Groundball, 4MD, EV 100.0 MPH)
Batting: RHB Nate Singleton 0-0: Ball
1-0: Fly out, F8 (Flyball, 8RD, EV 98.1 MPH)
Top of the 7th over - 0 runs, 1 hit, 0 errors, 1 left on base; Columbus 2 - Pawtucket 2
BOTTOM OF THE 7TH
Pawtucket Red Sox batting - Pitching for Columbus Clippers : LHP Eric Larsen
Pitching: RHP Jon Samer
Batting: SHB Ben Ervin 0-0: Ball
1-0: Foul Ball, location: 2F
1-1: Ball
2-1: Foul Ball, location: 2F
2-2: Ball
3-2: Foul Ball, location: 2F
3-2: Foul Ball, location: 2F
3-2: Strikes out looking
Batting: LHB Mike Mentzer 0-0: Called Strike
0-1: Foul Ball, location: 2F
0-2: Strikes out swinging
Batting: LHB Shoichi Aso 0-0: Ball
1-0: Ball
2-0: Swinging Strike
2-1: Ball
3-1: DOUBLE (Groundball, 3L, EV 107.5 MPH)
Batting: RHB Marty King 0-0: Foul Ball, location: 2F
0-1: Fly out, F9 (Flyball, 9, EV 80.6 MPH)
Bottom of the 7th over - 0 runs, 1 hit, 0 errors, 1 left on base; Columbus 2 - Pawtucket 2
TOP OF THE 8TH
Columbus Clippers batting - Pitching for Pawtucket Red Sox : RHP Edwin Carrasco
Batting: LHB Anthony Mosley 0-0: Ball
1-0: Called Strike
1-1: Ball
2-1: Ground out 4-3 (Groundball, 4, EV 95.6 MPH)
Pitching: LHP Mike Nimmo
Batting: RHB Tristan Dennis 0-0: Ball
1-0: Swinging Strike
1-1: Ground out U3 (Groundball, 34, EV 111.3 MPH)
Batting: RHB Jason Savage 0-0: Foul Ball, location: 2F
0-1: Ball
1-1: Swinging Strike
1-2: Foul Ball, location: 2F
1-2: Strikes out swinging
Top of the 8th over - 0 runs, 0 hits, 0 errors, 0 left on base; Columbus 2 - Pawtucket 2
BOTTOM OF THE 8TH
Pawtucket Red Sox batting - Pitching for Columbus Clippers : RHP Jon Samer
Batting: RHB Ernie Genier 0-0: Ball
1-0: Ball
2-0: Fly out, F5 (Line Drive, 5, EV 66.3 MPH)
Batting: RHB Nate Dickinson 0-0: Foul Ball, location: 2F
0-1: Foul Ball, location: 2F
0-2: Ball
1-2: Fly out, F3 (Popup, 3L, EV 80.6 MPH)
Batting: LHB Noel Wilson 0-0: Ball
1-0: Ball
2-0: Ground out U3 (Groundball, 3S, EV 85.6 MPH)
Bottom of the 8th over - 0 runs, 0 hits, 0 errors, 0 left on base; Columbus 2 - Pawtucket 2
TOP OF THE 9TH
Columbus Clippers batting - Pitching for Pawtucket Red Sox : LHP Mike Nimmo
Batting: SHB Mike Gross 0-0: Called Strike
0-1: Called Strike
0-2: Strikes out looking
Batting: LHB Doug Frampton 0-0: Called Strike
0-1: Called Strike
0-2: Strikes out swinging
Batting: RHB Chris Folse 0-0: Ball
1-0: Ball
2-0: Ball
3-0: Called Strike
3-1: Foul Ball, location: 2F
3-2: Strikes out looking
Top of the 9th over - 0 runs, 0 hits, 0 errors, 0 left on base; Columbus 2 - Pawtucket 2
BOTTOM OF THE 9TH
Pawtucket Red Sox batting - Pitching for Columbus Clippers : RHP Jon Samer
Pitching: RHP Tyler Keenan
Batting: RHB Mike Quackenbush 0-0: Ground out 6-3 (Groundball, 56, EV 99.4 MPH)
Batting: SHB Gus Cruz 0-0: Foul Ball, location: 2F
0-1: Ball
1-1: Foul Ball, location: 2F
1-2: Foul Ball, location: 2F
1-2: Reached on error, E6 (Groundball, 6, EV 80.0 MPH)
Batting: SHB Ben Ervin 0-0: Foul Ball, location: 2F
0-1: Ball
1-1: Ball
2-1: SINGLE (Groundball, 15S, EV 66.3 MPH) (infield hit)
Gus Cruz to second
Batting: LHB Mike Mentzer 0-0: Ball
1-0: Fielders Choice at 2nd, 4-6 (Groundball, 4M, EV 89.4 MPH)
Gus Cruz to third
Batting: LHB Shoichi Aso Pickoff Throw to First - Error! E1
Gus Cruz scores
Bottom of the 9th over - 1 run, 1 hit, 2 errors, 0 left on base; Columbus 2 - Pawtucket 3
Game Over ... Pawtucket defeats Columbus, 3 to 2
Thursday, March 31st , 2022 - OOTP Baseball 22.12 Build 89